 Dungeon Crawl Stone Soup version 0.27-a0-1147-gb3d8e82157 (webtiles) character file.

Game seed: 13914505268280207977

189872 Sobieck the Spry (level 17, -10/91 HPs)
             Began as a Spriggan Enchanter on May 11, 2021.
             Was the Champion of Wu Jian.
             Killed from afar by a deep elf annihilator (36 damage)
             ... with an iron shot
             ... on level 1 of the Elven Halls.
             The game lasted 03:04:08 (49309 turns).

Sobieck the Spry (Spriggan Enchanter)              Turns: 49309, Time: 03:04:08

Health: -10/91     AC: 10    Str:  4    XL:     17   Next: 52%
Magic:  36/37      EV: 47    Int: 27    God:    Wu Jian [******]
Gold:   1693       SH: 11    Dex: 18    Spells: 15/46 levels left

rFire    . . .     SeeInvis +   a - +5 quick blade {shortrare=g}
rCold    . . .     Faith    .   S - +3 buckler {AC+3}
rNeg     . . .     Spirit   .   M - +2 robe {Archmagi}
rPois    +         Reflect  .   (helmet restricted)
rElec    .         Harm     .   B - +2 cloak
rCorr    +         Rampage  .   (gloves unavailable)
Will     ++...                  (boots unavailable)
Stlth    +++++++...             J - amulet "Deupoan" {Acrobat rCorr}
HPRegen  0.25/turn              L - +6 ring of intelligence
MPRegen  0.25/turn              U - ring of poison resistance

@: confusing by touch, exhausted, acrobatic, very quick
A: very small, no large weapons, unfitting armour, see invisible, speed 3
}: 1/15 runes: gossamer
a: Renounce Religion, Wall Jump, Serpent's Lash, Heavenly Storm


You were on level 1 of the Elven Halls.
You worshipped Wu Jian.
Wu Jian was exalted by your worship.
You visited 6 branches of the dungeon, and saw 29 of its levels.
You also visited: Sewer.

You collected 2954 gold pieces.
You spent 1261 gold pieces at shops.


Innate Abilities, Weirdness & Mutations

You are very small and have problems with some larger weapons.
You are too small for most types of armour.
You have supernaturally acute eyesight. (SInv)
You cover ground extremely quickly. (Speed+++)


   Skills:
 - Level 11.0 Fighting
 - Level 10.0 Short Blades
 + Level 18.5 Dodging
 + Level 16.9 Stealth
 - Level 7.2 Shields
 - Level 15.0 Spellcasting
 - Level 16.0 Hexes
 * Level 8.3 Translocations
 - Level 3.0 Transmutations


You had 15 spell levels left.
You knew the following spells:

 Your Spells              Type           Power      Damage    Failure   Level
a - Ensorcelled Hibernat  Hex/Ice        100%       N/A       1%          2
b - Dazzling Flash        Conj/Hex       100%       N/A       1%          3
c - Confusing Touch       Hex            100%       N/A       0%          3
d - Tukima's Dance        Hex            100%       N/A       0%          3
e - Slow                  Hex            100%       N/A       0%          2
f - Cause Fear            Hex            51%        N/A       1%          4
g - Yara's Violent Unrav  Hex/Tmut       41%        3d16      1%          5
h - Invisibility          Hex            100%       N/A       1%          6
i - Gell's Gravitas       Tloc           39%        N/A       1%          3

Your spell library contained the following spells:

 Spells                   Type           Power      Damage    Failure   Level
 Corona                   Hex            100%       N/A       0%          1
 Apportation              Tloc           100%       N/A       1%          1
 Inner Flame              Hex/Fire       76%        N/A       1%          3
 Lesser Beckoning         Tloc           39%        N/A       1%          3
 Portal Projectile        Hex/Tloc       100%       N/A       1%          3
 Fulminant Prism          Conj/Hex       38%        3d18      1%          4
 Leda's Liquefaction      Hex/Erth       38%        N/A       1%          4
 Passage of Golubria      Tloc           N/A        N/A       1%          4
 Freeze                   Ice            100%       1d11      2%          1
 Magic Dart               Conj           100%       1d8       2%          1
 Shock                    Conj/Air       100%       1d9       2%          1
 Manifold Assault         Tloc           78%        N/A       2%          5
 Metabolic Englaciation   Hex/Ice        38%        N/A       2%          5
 Searing Ray              Conj           60%        3d5       3%          2
 Static Discharge         Conj/Air       30%        N/A       3%          2
 Iskenderun's Mystic Bla  Conj/Tloc      59%        2d12      4%          4
 Frozen Ramparts          Ice            60%        1d8       8%          3
 Ozocubu's Armour         Ice            30%        N/A       8%          3
 Swiftness                Air            30%        N/A       8%          3
 Dispersal                Tloc           39%        N/A       13%         6
 Petrify                  Tmut/Erth      42%        N/A       14%         4
 Airstrike                Air            15%        N/A       26%         4
 Animate Dead             Necr           15%        N/A       26%         4
 Hailstorm                Conj/Ice       30%        3d8       26%         4
 Alistair's Intoxication  Tmut/Pois      28%        N/A       36%         5
 Borgnjor's Vile Clutch   Necr/Erth      15%        N/A       56%         5
 Lightning Bolt           Conj/Air       15%        1d29      56%         5
 Death Channel            Necr           15%        N/A       98%         6
 Simulacrum               Ice/Necr       15%        N/A       98%         6
 Disjunction              Tloc           39%        N/A       99%         8

Inventory:

Hand Weapons
 a - a +5 quick blade (weapon) {shortrare=g}
   (You acquired it on level 9 of the Dungeon)
 b - the +7 hand crossbow of Death {penet, rPois Int+2, crossbow}
   (You found it on level 6 of the Dungeon)

   Ammo fired by it passes through the targets it hits, potentially hitting all
   targets in its path until it reaches maximum range.
   It affects your intelligence (+2).
   It protects you from poison.
 N - a +1 war axe of venom {axe}
   (You subdued it on level 2 of the Orcish Mines)
Missiles
 j - 75 poisoned darts (quivered) {throwing}
 C - 3 curare-tipped darts {=fthrowing}
 E - 5 silver boomerangs {throwing}
 F - a throwing net {=f!fthrowing}
 K - 213 bolts
 Q - 66 boomerangs {throwing}
 V - 7 atropa-tipped darts {throwing}
Armour
 B - a +2 cloak (worn)
   (You found it on level 6 of the Lair of Beasts)
 M - a +2 robe of the Archmagi (worn)
   (You took it off an orc sorcerer on level 1 of the Orcish Mines)
 S - a +3 buckler of protection (worn)
   (You acquired it on level 12 of the Dungeon)
Jewellery
 c - a ring of ice
   (You found it on level 1 of the Elven Halls)
 d - a ring of protection from cold
   (You found it on level 13 of the Dungeon)
 g - a ring of resist corrosion
   (You found it on level 10 of the Dungeon)
 k - a ring of wizardry
   (You found it on level 12 of the Dungeon)
 o - a +4 ring of protection
   (You found it on level 1 of the Dungeon)
 u - a +6 ring of intelligence
   (You found it on level 3 of the Lair of Beasts)
 J - the amulet "Deupoan" (around neck) {Acrobat rCorr}
   (You acquired it on level 3 of the Spider Nest)

   [amulet of the acrobat]

   It increases your evasion while moving and waiting.
   It protects you from acid and corrosion.
 L - a +6 ring of intelligence (left hand)
   (You took it off an orc on level 7 of the Dungeon)
 U - a ring of poison resistance (right hand)
   (You found it on level 5 of the Lair of Beasts)
 X - the ring of Foddime {rElec rC+ Str+8 Int+3 Dex-5}
   (You bought it in a shop on level 2 of the Orcish Mines)

   [ring of protection from cold]

   It affects your strength (+8).
   It affects your intelligence (+3).
   It affects your dexterity (-5).
   It protects you from cold.
   It insulates you from electricity.
Wands
 s - a wand of flame (95)
   (You took it off Ijyb on level 3 of the Dungeon)
 t - a wand of digging (11)
   (You took it off Grinder on level 3 of the Dungeon)
 A - a wand of paralysis (6)
   (You bought it in a shop on level 2 of the Orcish Mines)
 H - a wand of mindburst (55)
   (You found it on level 7 of the Dungeon)
 P - a wand of charming (6)
   (You took it off an orc on level 11 of the Dungeon)
 Z - a wand of iceblast (5)
   (You found it on level 3 of the Lair of Beasts)
Scrolls
 f - 2 scrolls of immolation {!r!r}
 i - a scroll of vulnerability {!r!r}
 n - a scroll of silence {!r}
 G - 5 scrolls of blinking {!r}
 I - 9 scrolls of teleportation {@r4}
 O - 8 scrolls of identify {@r1}
 T - a scroll of fog
 Y - 2 scrolls of magic mapping {!r}
Potions
 e - 8 potions of mutation {!q}
 h - 7 potions of ambrosia
 l - 7 potions of haste {@q3}
 m - 7 potions of attraction {!q}
 p - 4 potions of flight
 q - 2 potions of might
 r - a potion of brilliance
 v - 14 potions of curing {@q1}
 w - 5 potions of heal wounds {@q2}
 x - 3 potions of magic
 y - 2 potions of cancellation
 z - 5 potions of lignification {!q}
 D - 2 potions of berserk rage {!q}
 W - 3 potions of resistance
Miscellaneous
 R - a phantom mirror
   (You found it on level 11 of the Dungeon)

Dungeon Overview and Level Annotations

Branches:
Dungeon (15/15)            Temple (1/1) D:4            Lair (6/6) D:8
 Shoals (0/4) Lair:4       Spider (4/4) Lair:3        Slime (0/5) Lair:6
    Orc (2/2) D:11            Elf (1/3) Orc:2        Vaults (0/5) D:13
 Depths (0/5) D:15          Sewer (visited)

Altars:
Ashenzari
Cheibriados
Elyvilon
Fedhas
Gozag
Hepliaklqana
Kikubaaqudgha
Makhleb
Nemelex Xobeh
Okawaru
Trog
Uskayaw
Vehumet
Wu Jian
Xom
Yredelemnul
The Shining One
Beogh

Shops:
D:5 [   D:10 (   D:12 !   Orc:2 =*[(   Elf:1 [

Portals:
Abyss: Lair:2

Annotations:
D:1 exclusion: downstairs
D:3 3 runed translucent doors, pigah's ghost, amateur OpWn
D:7 exclusion: downstairs
D:8 2 runed translucent doors
D:13 exclusion: downstairs
D:14 exclusion: downstairs
Lair:2 2 transporters, Junaliek's ghost, journeyman MiFi
Lair:4 exclusion: oklob plant
Lair:5 exclusion: downstairs
Spider:1 exclusion: downstairs

#..#...........#.#.#
##.#.#..#+#..#.#.#.#
...#...##e##..)#.).#.#
.#.+...'[:[+...'.#...#
...#...##.##...#....##
...#.#.)#e#).#.#..#.#
#..#)......)...#....#
##.###.#..)#.###..###
#.).#.).....#..@.###
#.#.####'####.#....#
#......}....^..☼...##
###+....#..e..☼.....#
#...##.............##
#.....###.....)......#
#.......
#...).......##
.........##..........#
.........'....[.....##


You could see a deep elf annihilator.


Message History

You miss the +6 hand axe of venom.
You closely miss the +6 hand axe of venom.
The +6 hand axe of venom hits you!
You are poisoned. 😕 HP[-16]
You take 16 damage, and now have 75/91 hp.
You spin and attack the +6 hand axe of venom repeatedly.
You hit the +6 hand axe of venom. You miss the +6 hand axe of venom.
You feel very sick.
The +6 hand axe of venom misses you. 😕 HP[-4]
You take 4 damage, and now have 71/91 hp.
You spin and attack the +6 hand axe of venom repeatedly.
You strike the helpless +6 hand axe of venom from behind!
You impale the +6 hand axe of venom!!
The +6 hand axe of venom falls from the air.
The Council accepts your kill.
You feel very sick. 😮 HP[-4]
You take 4 damage, and now have 67/91 hp.
You start resting.
You feel very sick. x4
You feel sick. x3
You flicker for a moment.
You feel sick. x4
You are no longer poisoned.
You flicker back into view. 😮 HP[-19] MP[+5]
You take 19 damage, and now have 48/91 hp.
MASSIVE DAMAGE!! (PAUSE)
Your mp is fully restored (37).
You see here a +0 pair of boots. 😮 HP[+1]
There is an entrance to Dutt's Antique Armour Shop here.
You start resting.
Your magical contamination has completely faded away. 😮 HP[+6]
You regained 6 hp, and now have 55/91 hp.
Unknown command.
You start resting.
A deep elf annihilator is nearby! 😮 HP[+12]
You regained 12 hp, and now have 67/91 hp.
Unknown command.
Casting: Invisibility (dangerous; 1% risk of failure)
Confirm with . or Enter, or press ? or * to list all spells.
You feel a surge of power!
Your hands begin to glow red.
The deep elf annihilator shouts!
The deep elf annihilator mumbles some strange words.
The deep elf annihilator blinks! 😮 MP[-3]
You lost 3 mp, and now have 34/37 mp. 😮 HP[+1]
The deep elf annihilator points at you and mumbles some strange words.
The bolt of lightning misses you.
You lunge at the deep elf annihilator, in a flurry of attacks.
You hit the deep elf annihilator but do no damage. x2
The deep elf annihilator completely misses you. 😮 MP[+1]
You hit the deep elf annihilator but do no damage.
You hit the deep elf annihilator but do no damage.
The deep elf annihilator barely misses you.
You hit the deep elf annihilator but do no damage.
You hit the deep elf annihilator but do no damage.
You hit the deep elf annihilator but do no damage.
The deep elf annihilator closely misses you.
You hit the deep elf annihilator but do no damage.
You hit the deep elf annihilator but do no damage. 😕 HP[+1]
Casting: Confusing Touch (safe; 0% risk of failure)
Confirm with . or Enter, or press ? or * to list all spells.
Aiming: Ensorcelled Hibernation (safe; 1% risk of failure)
Press: ? - help, Shift-Dir - straight line, f - deep elf annihilator
Aim: a deep elf annihilator, wielding a +0 rapier and wearing a +0 leather armour (chance to confuse on hit: 13%, chance to affect: 3%)
Okay, then.
Unknown command.
Unknown command.
You hit the deep elf annihilator but do no damage.
You hit the deep elf annihilator but do no damage.
The deep elf annihilator casts a spell.
The deep elf annihilator blinks! 😕 MP[+1] Unknown command.
Aiming: Paralyse
Press: ? - help, Shift-Dir - straight line, f - deep elf annihilator
Aim: a deep elf annihilator, wielding a +0 rapier and wearing a +0 leather armour (chance to confuse on hit: 13%, chance to affect: 0%)
The deep elf annihilator resists with almost no effort.
The deep elf annihilator points at you and mumbles some strange words.
The poison arrow misses you.
The deep elf annihilator casts a spell at you.
The crystal spear hits you!!!
* * * LOW HITPOINT WARNING * * *
😨 HP[-43]
You take 43 damage, and now have 26/91 hp.
MASSIVE DAMAGE!! (PAUSE)
Your muscles tense, ready for explosive movement...
Your supernatural speed expires.
The deep elf annihilator gestures at you while chanting.
The iron shot hits you!!!
You die...

Skill      XL: |  1  2  3  4  5  6  7  8  9 10 11 12 13 14 15 16 17 |
---------------+----------------------------------------------------+-----
Dodging        | 3 4 5 6 7 9 10 13 15 16 17 18 | 18.5
Hexes          | 4 5 6 8 9 10 11 13 14 16 | 16.0
Stealth        | 5 6 7 9 10 13 16 | 16.9
Short Blades   | 3 4 6 9 10 | 10.0
Spellcasting   | 3 7 9 11 13 14 15 | 15.0
Fighting       | 1 4 5 7 9 10 11 | 11.0
Shields        | 2 7 |  7.2
Translocations | 8 |  8.3
Transmutations | 3 |  3.0

Action                   |  1- 3 |  4- 6 |  7- 9 | 10-12 | 13-15 | 16-18 || total
-------------------------+-------+-------+-------+-------+-------+-------++-------
Melee: Dagger            |    91 |   104 |   220 |   105 |       |       ||   520
       Quick blade       |       |       |       |   253 |  1166 |   882 ||  2301
 Fire: Hand crossbow     |       |       |       |       |    40 |     5 ||    45
Throw: Stone             |       |       |       |       |     1 |       ||     1
 Cast: Ensorcelled Hiber |    20 |    41 |   108 |   177 |   508 |   330 ||  1184
       Confusing Touch   |     1 |     2 |    10 |     5 |    33 |    27 ||    78
       Dazzling Flash    |       |       |       |     1 |     8 |     2 ||    11
       Tukima's Dance    |       |       |       |       |     1 |       ||     1
       Cause Fear        |       |       |       |       |       |     2 ||     2
       Invisibility      |       |       |       |       |       |     8 ||     8
       Gell's Gravitas   |       |       |       |       |       |     2 ||     2
       Yara's Violent Un |       |       |       |       |       |     1 ||     1
Invok: Lunge             |       |    18 |    54 |   107 |   197 |   119 ||   495
       Whirlwind         |       |     1 |     9 |    21 |   167 |    80 ||   278
       Serpent's Lash    |       |       |       |       |       |     3 ||     3
Evoke: Wand              |       |       |       |       |       |     5 ||     5
  Use: Scroll            |       |     3 |    12 |    10 |     8 |     1 ||    34
       Potion            |       |       |     1 |       |     2 |     1 ||     4
 Stab: Sleeping          |    16 |    35 |    63 |   136 |   315 |   229 ||   794
       Confused          |     1 |     4 |     9 |     8 |    52 |    34 ||   108
       Distracted        |       |     1 |     4 |     5 |     8 |     2 ||    20
       Invisible         |       |       |       |     2 |    20 |    19 ||    41
Armor: Robe              |     7 |     5 |     8 |    11 |    50 |    72 ||   153
Dodge: Dodged            |    68 |    40 |    96 |   139 |   684 |   591 ||  1618
Block: Buckler           |       |       |       |       |   169 |   351 ||   520

Levels and vault maps discovered:
D:1:      minmay_arrival_three_doors, layout_basic,
          hellmonk_ecumenical_altar_crossroads
D:2:      layout_loops_corners, basic_altar, uniq_terence
D:3:      layout_basic, gammafunk_ghost_necromancy, uniq_ijyb, uniq_grinder,
          uniq_jessica
D:4:      layout_basic, temple_fountains, minmay_statues_item,
          grunt_ministairs_15
D:5:      layout_rooms, slow_altar_1, serial_shops, shop_fountains, uniq_pikel,
          uniq_crazy_yiuf_cottage
D:6:      layout_cave_pools, nicolae_hepliaklqana_hazy_memory,
          cheibrodos_sewer_entry_drain, uniq_maggie
D:7:      minmay_clustersquares, layout_basic, tgw_kikubaaqudgha,
          serial_corexii_hall, corexii_hall_statues_l, chequers_hall_statues_y,
          st_stairs_10
D:8:      layout_basic, jmf_multi_god_temple2, lair_entry_dummy
D:9:      layout_cross, nemelex_spade_bored_becter, serial_park,
          serial_park_tiny_pond, serial_park_tiny_2, serial_park_tiny_2,
          uniq_prince_ribbit1
D:10:     layout_roguey, serial_shops, nicolae_shop_statue_plus, special_room
          [special_room_orc]
D:11:     layout_long_grid, david_orc_5, lightli_bailey_entry_fortress
D:12:     layout_irregular_city, serial_shops, shop, eino_curves_02
D:13:     layout_irregular_city, erik_vaults_2, nicolae_elyvilon_peaceful_grove,
          uniq_erolcha, uniq_jorgrun
D:14:     layout_irregular_city, nicolae_gozag_cash_rules_everything_around_me,
          uniq_louise
D:15:     grunt_enter_depths_hoard, layout_basic, xom_redecorated
Temple:   eino_temple_rhombus
Lair:1:   layout_cave_pods, grunt_megastairs_1, uniq_fannar
Lair:2:   beast_lair_carwin_large_1, layout_long_grid,
          gammafunk_ghost_abyssal_escape, lemuel_fruit_fields
Lair:3:   layout_misc_corridors, dummy_spider_entry
Lair:4:   layout_layer_cave, minmay_shoals_entry_lonely_mermaid,
          lemuel_oklob_altar
Lair:5:   layout_cave_pods, infiniplex_staircase_pool_2, grunt_megastairs_4
Lair:6:   hangedman_lair_caniforms_friends, layout_loops_ring,
          guppyfry_lair_end_dragon, minmay_slime_entry_pillars,
          lemuel_fruit_fields, serial_bayou_shore_b
Spider:1: layout_spider_delve
Spider:2: layout_spider_delve, nicolae_spider_undead_wolf_pack
Spider:3: layout_spider_delve
Spider:4: guppyfry_spider_rune
Orc:1:    layout_caves
Orc:2:    st_orc_congregation, layout_caves, uniq_josephine
Elf:1:    layout_loops_corners, serial_glass, glass_columns_b, glass_columns_c,
          basic_altar, serial_shops, shop, minmay_elf_annihilation

Notes
Turn   | Place    | Note
-------+----------+-------------------------------------------
     0 | D:1      | Sobieck the Spriggan Enchanter began the quest for the Orb.
     0 | D:1      | Reached XP level 1. HP: 9/9 MP: 5/5
     0 | D:1      | magus.rc [v1.9.6]
   552 | D:1      | Reached skill level 3 in Dodging
   552 | D:1      | Reached skill level 4 in Hexes
   552 | D:1      | Reached XP level 2. HP: 13/13 MP: 6/6
   555 | D:1      | Learned a level 2 spell: Ensorcelled Hibernation
   727 | D:2      | Noticed Terence
  1173 | D:1      | Found a faded altar of an unknown god.
  1781 | D:2      | Found a basalt altar of Yredelemnul.
  1814 | D:2      | Reached skill level 5 in Stealth
  1862 | D:2      | Reached XP level 3. HP: 13/16 MP: 2/8
  1866 | D:2      | Learned a level 3 spell: Confusing Touch
  1927 | D:3      | Found a runed translucent gate.
  1927 | D:3      | Found a runed translucent gate.
  1935 | D:4      | Noticed an ogre
  1956 | D:3      | HP: 4/16 [ogre/+0 giant club (12)]
  1959 | D:3      | Killed an ogre
  1960 | D:3      | Reached skill level 4 in Dodging
  1960 | D:3      | Reached skill level 5 in Hexes
  1960 | D:3      | Reached XP level 4. HP: 5/21 MP: 0/9
  2472 | D:5      | Entered Level 5 of the Dungeon
  2493 | D:4      | Learned a level 3 spell: Dazzling Flash
  2622 | D:4      | Reached XP level 5. HP: 24/24 MP: 10/10
  2637 | D:5      | Reached skill level 6 in Stealth
  2780 | D:4      | You pick up a book of Air and begin reading...
  2780 | D:4      | You add the spells Shock, Static Discharge, Swiftness,
                  | Airstrike and Lightning Bolt to your library.
  3150 | D:4      | Found a staircase to the Ecumenical Temple.
  3186 | Temple   | Entered the Ecumenical Temple
  3298 | Temple   | Became a worshipper of the Wu Jian Council
  4106 | D:2      | Killed Terence
  4107 | D:2      | Reached skill level 6 in Hexes
  4131 | D:3      | Noticed Grinder
  4904 | D:3      | Noticed Ijyb
  4906 | D:3      | Killed Ijyb
  4927 | D:3      | Found a runed translucent gate.
  4928 | D:3      | Noticed pigah's ghost (amateur OpWn)
  5002 | D:3      | Reached XP level 6. HP: 28/28 MP: 11/11
  5066 | D:3      | Killed Grinder
  5067 | D:3      | Reached skill level 3 in Short Blades
  5067 | D:3      | Reached skill level 5 in Dodging
  5251 | D:3      | Noticed Jessica
  5258 | D:3      | Killed Jessica
  5271 | D:3      | Reached * piety under Wu Jian
  5459 | D:3      | Reached XP level 7. HP: 26/32 MP: 12/12
  6429 | D:5      | Reached skill level 7 in Stealth
  6439 | D:5      | Reached skill level 7 in Hexes
  6555 | D:5      | Noticed Pikel
  6573 | D:5      | Killed Pikel
  6574 | D:5      | Reached skill level 4 in Short Blades
  6574 | D:5      | Reached skill level 6 in Dodging
  6574 | D:5      | Reached skill level 8 in Hexes
  6574 | D:5      | Reached XP level 8. HP: 36/36 MP: 8/13
  6661 | D:5      | Found Edudd's Antique Armour Boutique.
  6691 | D:5      | Reached skill level 5 in Short Blades
  6691 | D:5      | Reached skill level 8 in Stealth
  6882 | D:6      | Found a glowing drain.
  6900 | Sewer    | Entered a sewer
  7172 | Sewer    | Found a white marble altar of Elyvilon.
  7342 | D:6      | Noticed Maggie
  7548 | D:5      | Reached skill level 6 in Short Blades
  7562 | D:5      | Reached ** piety under Wu Jian
  7722 | D:5      | Found a snail-covered altar of Cheibriados.
  7853 | D:5      | Identified the +8 mace of War {drain, *Rage rElec Will+
                  | Int+5}
  7931 | D:5      | Reached skill level 9 in Hexes
  8376 | D:6      | Found a hazy altar of Hepliaklqana.
  8523 | D:6      | Reached skill level 9 in Stealth
  8531 | D:6      | Reached skill level 7 in Dodging
  8531 | D:6      | Reached XP level 9. HP: 39/39 MP: 7/14
  8597 | D:6      | Killed Maggie
  8608 | D:6      | Reached skill level 7 in Short Blades
  8807 | D:6      | Identified the +7 hand crossbow of Death {penet, rPois
                  | Int+2}
  9323 | D:7      | Reached skill level 10 in Hexes
  9381 | D:7      | Reached skill level 10 in Stealth
  9406 | D:7      | Reached skill level 8 in Short Blades
  9406 | D:7      | Reached skill level 8 in Dodging
 10006 | D:7      | Reached skill level 9 in Short Blades
 10284 | D:5      | Bought a smouldering buckler for 228 gold pieces
 10284 | D:5      | Identified the +0 buckler of the First Artists {rF++
                  | Stlth-} (You bought it in a shop on level 5 of the Dungeon)
 10357 | D:7      | Reached skill level 9 in Dodging
 10391 | D:6      | Reached *** piety under Wu Jian
 10558 | D:7      | Reached skill level 3 in Spellcasting
 10576 | D:7      | Reached skill level 1 in Fighting
 10629 | D:7      | Reached XP level 10. HP: 45/45 MP: 10/16
 10640 | D:7      | Found an ancient bone altar of Kikubaaqudgha.
 10885 | D:8      | Reached skill level 4 in Spellcasting
 10911 | D:7      | Reached skill level 2 in Fighting
 11560 | D:8      | Reached skill level 5 in Spellcasting
 11735 | D:8      | Found a staircase to the Lair.
 11750 | D:8      | Reached skill level 3 in Fighting
 11770 | D:8      | Reached skill level 6 in Spellcasting
 11889 | D:8      | Learned a level 3 spell: Tukima's Dance
 12013 | D:8      | Reached skill level 4 in Fighting
 12027 | D:8      | Reached skill level 7 in Spellcasting
 12164 | D:9      | Noticed a two-headed ogre
 12169 | D:9      | Killed a two-headed ogre
 12342 | D:8      | You pick up a book of Maledictions and begin reading...
 12519 | D:8      | Found a large runed translucent door.
 12520 | D:8      | Found a large runed translucent door.
 12804 | D:9      | Noticed Prince Ribbit
 12811 | D:9      | Killed Prince Ribbit
 12931 | D:9      | Reached **** piety under Wu Jian
 13038 | D:9      | Reached skill level 11 in Hexes
 13038 | D:9      | Reached XP level 11. HP: 44/53 MP: 16/22
 13214 | D:9      | Found a sparkling altar of Nemelex Xobeh.
 13315 | D:10     | Entered Level 10 of the Dungeon
 13381 | D:9      | Identified a scroll of acquirement
 13381 | D:9      | Acquired a +5 quick blade
 13382 | D:9      | N - a +5 quick blade {shortrare=g}
 13419 | D:10     | N - a +5 quick blade (weapon) {shortrare=g}
 13420 | D:10     | N - a +5 quick blade (weapon) {shortrare=g}
 13420 | D:10     | a - a +5 quick blade (weapon) {shortrare=g}
 13458 | D:10     | Reached skill level 11 in Stealth
 13852 | D:10     | Noticed a two-headed ogre
 13860 | D:10     | Killed a two-headed ogre
 13901 | D:10     | Found Tysab's Weapon Shop.
 13915 | D:10     | a - a +5 quick blade (weapon) {shortrare=g}
 13986 | D:10     | Reached skill level 10 in Short Blades
 13997 | D:10     | Reached skill level 12 in Hexes
 14127 | D:10     | a - a +5 quick blade (weapon) {shortrare=g}
 14139 | D:11     | Reached skill level 12 in Stealth
 14591 | D:11     | Noticed a deep elf pyromancer
 14597 | D:11     | Killed a deep elf pyromancer
 14653 | D:11     | Found a staircase to the Orcish Mines.
 14666 | D:11     | Reached ***** piety under Wu Jian
 14706 | D:11     | Noticed a boulder beetle
 14792 | Lair:1   | Entered Level 1 of the Lair of Beasts
 14831 | Lair:1   | Reached skill level 13 in Hexes
 15036 | Lair:1   | Reached skill level 13 in Stealth
 15282 | Lair:1   | Reached XP level 12. HP: 58/58 MP: 18/23
 15337 | Lair:1   | Reached skill level 14 in Hexes
 15352 | Lair:1   | Reached skill level 14 in Stealth
 15494 | Lair:1   | Noticed Fannar
 15500 | Lair:1   | Killed Fannar
 15614 | Lair:2   | Reached skill level 15 in Stealth
 15651 | Lair:1   | Noticed a seven-headed hydra
 15657 | Lair:1   | Killed a seven-headed hydra
 15705 | Lair:1   | Noticed a six-headed hydra
 15709 | Lair:1   | Killed a six-headed hydra
 16318 | Lair:2   | Noticed a six-headed hydra
 16370 | Lair:1   | Killed a six-headed hydra
 16653 | Lair:2   | Reached skill level 8 in Spellcasting
 16659 | Lair:2   | Reached skill level 16 in Stealth
 16661 | Lair:2   | Reached skill level 10 in Dodging
 16674 | Lair:3   | Found a hole to the Spider Nest.
 16700 | Lair:2   | Reached skill level 5 in Fighting
 16738 | Lair:2   | Found a transporter.
 16748 | Lair:2   | Found a transporter.
 16969 | Lair:3   | You pick up a book of Conjurations {@e2} and begin
                  | reading...
 16969 | Lair:3   | You add the spells Magic Dart, Searing Ray, Fulminant Prism
                  | and Iskenderun's Mystic Blast to your library.
 17368 | Lair:2   | Found a one-way gate to the infinite horrors of the Abyss.
 17368 | Lair:2   | Noticed Junaliek's ghost (journeyman MiFi)
 17585 | Lair:2   | Reached skill level 9 in Spellcasting
 17793 | Lair:3   | Reached XP level 13. HP: 65/65 MP: 24/27
 17971 | Lair:3   | Reached skill level 11 in Dodging
 18438 | Lair:3   | Reached ****** piety under Wu Jian
 18442 | Lair:3   | Reached skill level 6 in Fighting
 18694 | Lair:4   | Found a glowing golden altar of the Shining One.
 18894 | Lair:4   | Reached skill level 10 in Spellcasting
 19299 | Lair:4   | Found a staircase to the Shoals.
 19400 | Lair:4   | Reached skill level 12 in Dodging
 19544 | Lair:4   | Identified the +7 whip of Imbalance {elec, *Corrode Str+6}
 19633 | Lair:6   | Entered Level 6 of the Lair of Beasts
 20234 | Lair:5   | Reached skill level 7 in Fighting
 20786 | Lair:5   | Reached skill level 11 in Spellcasting
 21363 | Lair:6   | Reached skill level 13 in Dodging
 21567 | Lair:6   | Reached XP level 14. HP: 71/72 MP: 15/30
 21688 | Lair:6   | Found a staircase to the Slime Pits.
 21948 | Lair:6   | Reached skill level 8 in Fighting
 22479 | Lair:5   | Reached skill level 12 in Spellcasting
 22796 | Lair:6   | You pick up a book of Debilitation and begin reading...
 22796 | Lair:6   | You add the spells Slow, Inner Flame, Portal Projectile,
                  | Cause Fear and Leda's Liquefaction to your library.
 23189 | Lair:6   | a - a +5 quick blade (weapon) {shortrare=g}
 23547 | Lair:6   | a - a +5 quick blade (weapon) {shortrare=g}
 23580 | Lair:6   | HP: 12/74 [six-headed hydra (13)]
 24115 | Lair:6   | Reached skill level 14 in Dodging
 24433 | Lair:6   | a - a +5 quick blade (weapon) {shortrare=g}
 24780 | Lair:6   | magus.rc [v1.9.6]
 24879 | Lair:6   | Identified the +7 hunting sling of the Extremely Mad
                  | {venom, Dex+5}
 25371 | Lair:6   | magus.rc [v1.9.6]
 25629 | Lair:6   | a - a +5 quick blade (weapon) {shortrare=g}
 25669 | Lair:6   | a - a +5 quick blade (weapon) {shortrare=g}
 25740 | Lair:6   | a - a +5 quick blade (weapon) {shortrare=g}
 26580 | D:11     | Reached skill level 9 in Fighting
 26726 | D:11     | a - a +5 quick blade (weapon) {shortrare=g}
 26971 | D:11     | a - a +5 quick blade (weapon) {shortrare=g}
 27590 | D:12     | Reached skill level 13 in Spellcasting
 27924 | D:12     | Found Lypay's Distillery.
 27957 | D:12     | Acquired a +2 buckler of protection
 28145 | D:13     | Noticed Erolcha
 28148 | D:13     | Killed Erolcha
 28381 | D:13     | Reached skill level 1 in Shields
 28629 | D:13     | Identified a +2 robe of the Archmagi
 28629 | D:13     | Noticed Jorgrun
 28635 | D:13     | Killed Jorgrun
 28636 | D:13     | Reached skill level 2 in Shields
 28844 | D:13     | Found a gate to the Vaults.
 28895 | D:13     | Reached skill level 15 in Dodging
 29209 | D:13     | Reached XP level 15. HP: 57/79 MP: 23/33
 29307 | D:13     | Reached skill level 3 in Shields
 29850 | D:13     | Found a white marble altar of Elyvilon.
 30935 | D:15     | Entered Level 15 of the Dungeon
 31031 | D:14     | Reached skill level 4 in Shields
 31745 | D:14     | Reached skill level 5 in Shields
 31981 | D:14     | Noticed Louise
 32002 | D:14     | Killed Louise
 32056 | D:14     | Found an opulent altar of Gozag.
 32323 | D:14     | Reached skill level 6 in Shields
 32440 | D:15     | Found a shimmering altar of Xom.
 32440 | D:15     | Found a shimmering altar of Xom.
 32442 | D:15     | Found a shimmering altar of Xom.
 32442 | D:15     | Found a shimmering altar of Xom.
 32442 | D:15     | Found a shimmering altar of Xom.
 32442 | D:15     | Found a shimmering altar of Xom.
 32443 | D:15     | Found a shimmering altar of Xom.
 32521 | D:15     | Found a staircase to the Depths.
 32894 | D:15     | Found a shimmering altar of Xom.
 33046 | D:15     | Reached skill level 7 in Shields
 33468 | Orc:1    | Entered Level 1 of the Orcish Mines
 33704 | Orc:1    | Noticed an orc warlord
 33751 | D:11     | Killed an orc warlord
 34362 | Orc:2    | Entered Level 2 of the Orcish Mines
 34569 | Orc:1    | Reached skill level 10 in Fighting
 34569 | Orc:1    | Reached skill level 14 in Spellcasting
 35503 | Orc:2    | Identified a +2 robe of the Archmagi
 35869 | Orc:2    | Reached skill level 16 in Dodging
 35874 | Orc:2    | Identified a +2 robe of the Archmagi
 35874 | Orc:2    | Noticed Josephine
 36127 | Orc:2    | Noticed an orc warlord
 36146 | Orc:2    | Killed Josephine
 37274 | Orc:2    | Killed an orc warlord
 37555 | Orc:1    | Reached XP level 16. HP: 64/85 MP: 20/35
 37842 | Orc:2    | HP: 17/85 [orc priest/divine providence (11)]
 38179 | Orc:2    | magus.rc [v1.9.6]
 38373 | Orc:2    | Found Omuaghiown's General Store.
 38374 | Orc:2    | Found Uggot's Jewellery Shoppe.
 38376 | Orc:2    | Found Oblamov's Antique Armour Shoppe.
 38376 | Orc:2    | Found Rolo's Antique Weapon Emporium.
 38394 | Orc:2    | Bought the ring of Foddime {rElec rC+ Str+8 Int+3 Dex-5}
                  | for 774 gold pieces
 38395 | Orc:2    | Bought a scroll of magic mapping for 45 gold pieces
 38395 | Orc:2    | Bought a wand of paralysis (7) for 117 gold pieces
 38395 | Orc:2    | Bought a scroll of blinking for 97 gold pieces
 38546 | Orc:2    | Found a staircase to the Elven Halls.
 39215 | Elf:1    | Entered Level 1 of the Elven Halls
 39247 | Orc:2    | HP: 21/85 [poisoned by a +1 war axe of venom]
 39252 | Orc:2    | HP: 19/85 [poisoned by a +1 war axe of venom]
 39265 | Orc:2    | Hit: a) +5 quick blade {shortrare=g}
 39265 | Orc:2    | Hit: a) +5 quick blade {shortrare=g}
 39265 | Orc:2    | Hit: a) +5 quick blade {shortrare=g}
 39265 | Orc:2    | Hit: a) +5 quick blade {shortrare=g}
 39471 | Spider:1 | Entered Level 1 of the Spider Nest
 41175 | Spider:1 | Reached skill level 15 in Hexes
 41334 | Spider:1 | Identified the +1 buckler of Cisinumpe {-Tele *Corrode
                  | Regen+ Stlth+}
 42965 | Spider:2 | You pick up a book of Misfortune and begin reading...
 42965 | Spider:2 | You add the spells Gell's Gravitas, Petrify, Metabolic
                  | Englaciation and Yara's Violent Unravelling to your
                  | library.
 43293 | Spider:1 | magus.rc [v1.9.6]
 43672 | Lair:3   | a - a +5 quick blade (weapon) {shortrare=g}
 43892 | Spider:2 | Learned a level 2 spell: Slow
 43897 | Spider:2 | Learned a level 4 spell: Cause Fear
 43903 | Spider:2 | Learned a level 5 spell: Yara's Violent Unravelling
 43921 | Spider:2 | Identified the +7 hunting sling of Duty {freeze, Dex+4}
 44376 | Spider:3 | You pick up a book of Frost and begin reading...
 44376 | Spider:3 | You add the spells Freeze, Frozen Ramparts, Ozocubu's
                  | Armour and Hailstorm to your library.
 44451 | Spider:3 | magus.rc [v1.9.6]
 44484 | Spider:4 | Entered Level 4 of the Spider Nest
 44486 | Spider:4 | Reached skill level 15 in Spellcasting
 44620 | Spider:3 | Reached skill level 17 in Dodging
 44820 | Spider:3 | Reached skill level 16 in Hexes
 44879 | Spider:3 | a - a +5 quick blade (weapon) {shortrare=g}
 45044 | Spider:3 | Acquired the amulet "Deupoan" {Acrobat rCorr}
 45103 | Spider:3 | You pick up a book of Party Tricks and begin reading...
 45103 | Spider:3 | You add the spells Apportation, Lesser Beckoning,
                  | Alistair's Intoxication and Invisibility to your library.
 45111 | Spider:3 | Learned a level 6 spell: Invisibility
 45134 | Spider:3 | Reached skill level 11 in Fighting
 45817 | Spider:4 | You pick up a book of Party Tricks and begin reading...
 45869 | Spider:4 | Reached XP level 17. HP: 91/91 MP: 34/37
 46001 | Spider:4 | You pick up a book of the Warp and begin reading...
 46001 | Spider:4 | You add the spells Passage of Golubria, Manifold Assault,
                  | Dispersal and Disjunction to your library.
 46012 | Spider:4 | Reached skill level 18 in Dodging
 46016 | Spider:4 | Learned a level 3 spell: Gell's Gravitas
 46235 | Spider:4 | Reached skill level 1 in Translocations
 46284 | Spider:4 | Reached skill level 1 in Transmutations
 46296 | Spider:4 | Reached skill level 2 in Translocations
 46443 | Spider:4 | Reached skill level 3 in Translocations
 46480 | Spider:3 | magus.rc [v1.9.6]
 46574 | Spider:4 | Reached skill level 2 in Transmutations
 46772 | Spider:3 | Reached skill level 4 in Translocations
 47195 | Spider:3 | Reached skill level 3 in Transmutations
 47325 | Spider:4 | Reached skill level 5 in Translocations
 47651 | Spider:4 | Reached skill level 6 in Translocations
 47927 | Spider:4 | Got a gossamer rune of Zot
 48550 | Elf:1    | Reached skill level 7 in Translocations
 48779 | Elf:1    | You pick up a book of Unlife and begin reading...
 48779 | Elf:1    | You add the spells Animate Dead, Borgnjor's Vile Clutch,
                  | Death Channel and Simulacrum to your library.
 48814 | Elf:1    | Reached skill level 8 in Translocations
 48833 | Elf:1    | HP: 21/91 [deep elf annihilator/crystal spear (70)]
 49180 | Elf:1    | Found Dutt's Antique Armour Shop.
 49309 | Elf:1    | Killed from afar by a deep elf annihilator

Vanquished Creatures
  Jorgrun (D:13)
  2 orc warlords
  Louise (D:14)
  4 emperor scorpions
  2 ghost moths (Spider:4)
  4 entropy weavers
  3 spark wasps
  2 fire dragons
  Josephine (Orc:2)
  An ice dragon (D:15)
  Fannar (Lair:1)
  7 vault guards (D:13)
  12 hydras
  3 boulder beetles
  Erolcha (D:13)
  3 two-headed ogres
  An alligator (Lair:5)
  4 centaur warriors
  3 dancing weapons
  4 orc high priests
  A fire crab (Lair:6)
  10 orc knights
  A wizard (D:14)
  Pikel (D:5)
  A spectral wolf spider (Lair:3)
  A swamp dragon (Lair:6)
  5 deep elf zephyrmancers (Elf:1)
  12 deep elf pyromancers
  29 wolf spiders
  21 orb spiders
  3 orc sorcerers
  23 ugly things
  2 manticores
  A merfolk siren (Lair:4)
  A cyclops (Orc:1)
  A moth of wrath (Spider:4)
  13 elephants
  A torpor snail (Lair:6)
  9 black mambas
  12 cane toads
  A kobold demonologist (D:14)
  4 rime drakes
  18 komodo dragons
  3 unseen horrors
  Maggie (D:6)
  11 demonic crawlers
  A freezing wraith (D:14)
  An efreet (D:15)
  4 tengu conjurers
  7 trolls
  34 jumping spiders
  Grinder (D:3)
  9 polar bears
  A wolf spider simulacrum (Spider:2)
  2 raiju (Lair:6)
  11 slime creatures
  11 hornets
  Prince Ribbit (D:9)
  5 blink frogs
  8 dream sheep
  51 redbacks
  2 shadows
  63 yaks
  29 tarantellas
  A wyvern (Lair:4)
  7 wraiths
  A vampire (D:12)
  7 basilisks
  5 steam dragons
  3 fire elementals (Elf:1)
  6 wargs
  17 water moccasins
  15 hell hounds
  2 ice beasts
  A sky beast (D:8)
  45 orc warriors
  A swamp drake (Lair:6)
  12 black bears
  6 ogres
  A hornet zombie (D:5)
  A necrophage (D:6)
  19 wolves
  14 centaurs
  A phantom (D:5)
  10 bullfrogs
  6 kobold brigands
  2 gnoll sergeants
  An earth elemental (Elf:1)
  2 scorpions
  A water moccasin zombie (D:6)
  2 wyvern zombies
  A wyvern skeleton (D:7)
  2 water moccasin skeletons (D:6)
  6 killer bees
  5 electric eels
  10 howler monkeys
  6 centaur zombies
  2 hounds
  A bullfrog zombie (D:6)
  6 jellies
  3 gnoll shamans
  25 orc priests
  Jessica (D:3)
  Ijyb (D:3)
  Terence (D:2)
  14 iguanas
  29 orc wizards
  7 hell rats (Lair:4)
  A howler monkey skeleton (D:7)
  A howler monkey zombie (D:6)
  A mummy (D:5)
  18 gnolls
  2 river rats (Sewer)
  6 adders
  3 white imps
  An ufetubus (D:6)
  A worm (D:6)
  4 dart slugs
  126 orcs
  9 bats
  5 endoplasms
  2 giant cockroaches
  13 goblins
  2 hobgoblins
  10 jackals
  3 quokkas
  3 ball pythons
  4 frilled lizards
  28 kobolds
  6 rats
1045 creatures vanquished.

Vanquished Creatures (collateral kills)
  A tarantella (Spider:2)
  A bush (D:9)
2 creatures vanquished.

Vanquished Creatures (others)
  A human (D:7)
  An orc wizard (Orc:2)
  A bush (Lair:6)
  A butterfly (D:13)
  15 fungi
  55 plants
74 creatures vanquished.

Grand Total: 1121 creatures vanquished

Table legend:
 A = Non-vault XP
 B = Vault XP
 C = Vault XP percentage of total XP
 D = Non-vault monster count
 E = Vault monster count
 F = Vault count percentage of total count
                 A         B        C        D         E       F
            +---------+---------+-------+---------+---------+-------
      Total |  173104 |   81578 |  32.0 |     709 |     338 |  32.3
            +---------+---------+-------+---------+---------+-------
        D:1 |      37 |       0 |   0.0 |      23 |       0 |   0.0
        D:2 |      19 |      36 |  65.5 |      10 |       1 |   9.1
        D:3 |      68 |     484 |  87.7 |      22 |       4 |  15.4
        D:4 |      57 |      12 |  17.4 |       9 |       4 |  30.8
        D:5 |     729 |     657 |  47.4 |      15 |       2 |  11.8
        D:6 |     860 |     384 |  30.9 |      20 |       4 |  16.7
        D:7 |    2276 |     607 |  21.1 |      32 |      11 |  25.6
        D:8 |    2584 |       0 |   0.0 |      23 |       0 |   0.0
        D:9 |    3153 |     251 |   7.4 |      23 |       1 |   4.2
       D:10 |    3185 |     359 |  10.1 |      11 |      25 |  69.4
       D:11 |    6972 |     716 |   9.3 |      31 |      34 |  52.3
       D:12 |    2972 |       0 |   0.0 |      12 |       0 |   0.0
       D:13 |   11151 |   10984 |  49.6 |      27 |       9 |  25.0
       D:14 |   12511 |    1686 |  11.9 |      30 |       1 |   3.2
       D:15 |    6885 |    2028 |  22.8 |      22 |       2 |   8.3
     Lair:1 |   10206 |    2089 |  17.0 |      37 |       3 |   7.5
     Lair:2 |    5947 |    1463 |  19.7 |      21 |       9 |  30.0
     Lair:3 |   13192 |     631 |   4.6 |      41 |       1 |   2.4
     Lair:4 |    8619 |     481 |   5.3 |      27 |       1 |   3.6
     Lair:5 |    9898 |    3545 |  26.4 |      25 |      11 |  30.6
     Lair:6 |    8044 |   12861 |  61.5 |      25 |      70 |  73.7
   Spider:1 |    9612 |       0 |   0.0 |      19 |       0 |   0.0
   Spider:2 |   15358 |    1941 |  11.2 |      46 |       4 |   8.0
   Spider:3 |   13699 |    2858 |  17.3 |      33 |       5 |  13.2
   Spider:4 |   11991 |   19568 |  62.0 |      38 |      38 |  50.0
      Orc:1 |    4513 |    5251 |  53.8 |      44 |      32 |  42.1
      Orc:2 |    3058 |    8450 |  73.4 |      32 |      47 |  59.5
      Elf:1 |    5508 |    4104 |  42.7 |      11 |       7 |  38.9
      Sewer |       0 |     132 | 100.0 |       0 |      12 | 100.0
            +---------+---------+-------+---------+---------+-------

Illustrated notes

Table legend:
 A = Kills in this place as a percentage of kills in entire the game.
 B = Kills by you in this place as a percentage of kills by you in the entire game.
 C = Kills by friends in this place as a percentage of kills by friends in the entire game.
 D = Other kills in this place as a percentage of other kills in the entire game.
 E = Experience gained in this place as a percentage of experience gained in the entire game.
 F = Experience gained in this place divided by the number of levels of this place that you have seen.
                   A       B       C       D       E      F
               +-------+-------+-------+-------+-------+----------------------
         Total | 100.0 | 100.0 | 100.0 | 100.0 | 100.0 | 8489.4
       Dungeon |  39.0 |  39.0 |   0.0 |   0.0 |  28.1 | 4777.5
          Lair |  25.9 |  25.9 |   0.0 |   0.0 |  30.2 | 12829.3
   Spider Nest |  17.5 |  17.4 | 100.0 |   0.0 |  29.5 | 18756.8
  Orcish Mines |  14.8 |  14.7 |   0.0 | 100.0 |   8.4 | 10636.0
   Elven Halls |   1.7 |   1.7 |   0.0 |   0.0 |   3.8 | 9612.0
         Sewer |   1.1 |   1.1 |   0.0 |   0.0 |   0.1 | 132.0
               +-------+-------+-------+-------+-------+----------------------

Table legend: (Time is in decaauts)
 A = Elapsed time spent in this place.
 B = Non-inter-level travel time spent in this place.
 C = Inter-level travel time spent in this place.
 D = Time resting spent in this place.
 E = Time spent auto-exploring this place.
 F = Levels seen in this place.
 G = Mean time per level.
                   A        B        C        D        E       F      G
               +--------+--------+--------+--------+--------+-----+--------+
         Total |  38686 |  36938 |   1748 |  16530 |  11208 |  30 | 1289.5 |
       Dungeon |  16848 |  15857 |    991 |   5529 |   6687 |  15 | 1123.2 |
        Temple |     90 |     84 |      6 |      0 |     79 |   1 |   90.0 |
          Lair |  10904 |  10465 |    439 |   5067 |   3005 |   6 | 1817.3 |
   Spider Nest |   5159 |   4966 |    193 |   2205 |    988 |   4 | 1289.8 |
  Orcish Mines |   4707 |   4591 |    116 |   3218 |    447 |   2 | 2353.5 |
   Elven Halls |    627 |    626 |      1 |    389 |      0 |   1 |  627.0 |
         Sewer |    349 |    349 |      0 |    121 |      0 |   1 |  349.0 |
               +--------+--------+--------+--------+--------+-----+--------+

Top non-repeatable levels by time:
   Orc:1: 3496 daAuts
  Lair:6: 2647 daAuts
  Lair:5: 2515 daAuts
  Lair:3: 2368 daAuts
    D:13: 1852 daAuts
Spider:3: 1614 daAuts
     D:7: 1563 daAuts
     D:1: 1557 daAuts
    D:11: 1465 daAuts
Spider:4: 1371 daAuts
  Lair:1: 1361 daAuts
    D:14: 1337 daAuts
Spider:2: 1280 daAuts
     D:3: 1222 daAuts
   Orc:2: 1210 daAuts
